 Dungeon Crawl Stone Soup version 0.31-a0-182-gc5ef74bbde (webtiles) character file.

Game seed: 2634326203697044111

7502 night the Skirmisher (level 10, -9/81 HPs)
             Began as a Demigod Hunter on June 19, 2023.
             Mangled by an ettin
             ... wielding a +0 dire flail
              (26 damage)
             ... on level 2 of the Orcish Mines on June 20, 2023.
             The game lasted 00:24:31 (10792 turns).

night the Skirmisher (Demigod Hunter)              Turns: 10792, Time: 00:24:32

Health: -9/81      AC:  9    Str: 12    XL:     10   Next: 64%
Magic:  13/13      EV: 25    Int: 11    God:
Gold:   635        SH:  0    Dex: 29    Spells: 9/9 levels left

rFire   . . .        b - +0 arbalest
rCold   . . .        (shield currently unavailable)
rNeg    . . .        o - +2 leather armour {Will+}
rPois   .            (no helmet)
rElec   .            B - +1 cloak
rCorr   .            m - +0 pair of gloves
SInv    .            G - +0 pair of boots
Will    ++...        (no amulet)
Stlth   ++           J - +5 ring of evasion
HPRegen 0.33/turn    I - +4 ring of slaying
MPRegen 0.13/turn

%: no passive effects
@: no status effects
A: high MP 1, forlorn, divine attributes
a: no special abilities


You were on level 2 of the Orcish Mines.
You visited 2 branches of the dungeon, and saw 11 of its levels.
You also visited: Ossuary.

You collected 826 gold pieces.
You spent 191 gold pieces at shops.

Inventory:

Hand Weapons
 a - a +0 shortbow
 b - a +0 arbalest (weapon)
 s - a +0 long sword
 N - a +4 scimitar of flaming
 O - a +0 orcbow
Missiles
 e - 139 stones
 f - a throwing net
 h - 20 poisoned darts
 p - 4 atropa-tipped darts
 t - 4 curare-tipped darts
Armour
 m - a +0 pair of gloves (worn)
 o - a +2 leather armour of willpower (worn)
 B - a +1 cloak (worn)
 G - a +0 pair of boots (worn)
Jewellery
 c - a ring of willpower
 D - a ring of protection from fire
 E - a ring of see invisible
 I - a +4 ring of slaying (right hand)
 J - a +5 ring of evasion (left hand)
Wands
 g - a wand of charming (5)
 v - a wand of flame (13)
 F - a wand of quicksilver (2)
Scrolls
 i - 6 scrolls of fear
 j - a scroll of revelation
 k - 2 scrolls of teleportation
 n - a scroll of amnesia
 u - a scroll of enchant armour
 y - 2 scrolls of enchant weapon
 A - 3 scrolls of fog
 H - a scroll of blinking
 K - a scroll of vulnerability
 M - 2 scrolls of butterflies
Potions
 d - a potion of curing
 l - 2 potions of invisibility
 q - a potion of haste {unknown}
 r - 2 potions of cancellation
 w - 2 potions of magic {unknown}
 x - 4 potions of enlightenment
 z - 2 potions of mutation {unknown}
 C - a potion of lignification
 L - a potion of heal wounds {unknown}


   Skills:
 + Level 5.4 Fighting
 - Level 2.6 Long Blades
 * Level 12.3 Ranged Weapons
 + Level 8.3 Dodging
 - Level 0.8 Stealth


You had 9 spell levels left.
You didn't know any spells.
Your spell library contained the following spells:

 Spells                   Type           Power      Damage    Failure   Level
 Kiss of Death            Conj/Necr      0%         2d5       41%         1
 Magic Dart               Conj           0%         1d3       41%         1
 Shock                    Conj/Air       0%         1d3       41%         1
 Call Imp                 Summ           0%         N/A       56%         2
 Lesser Beckoning         Tloc           0%         N/A       56%         2
 Sublimation of Blood     Necr           0%         N/A       56%         2
 Wereblood                Tmut           0%         N/A       56%         2
 Confusing Touch          Hex            0%         N/A       80%         3
 Gell's Gravitas          Tloc           0%         N/A       80%         3
 Mephitic Cloud           Conj/Pois/Air  0%         N/A       80%         3
 Swiftness                Air            0%         N/A       80%         3
 Teleport Other           Tloc           0%         N/A       80%         3
 Vhi's Electric Charge    Tloc/Air       0%         N/A       80%         3
 Airstrike                Air            0%         2d(0-16)  99%         4
 Dispel Undead            Necr           0%         3d6       99%         4
 Arcjolt                  Conj/Air       0%         1d10      100%        5
 Plasma Beam              Fire/Air       0%         2x1d10    100%        6
 Summon Hydra             Summ           0%         N/A       100%        7


Dungeon Overview and Level Annotations

Branches:
Dungeon (9/15)             Temple (0/1) D:5            Lair (0/5) D:9
    Orc (2/2) D:9             Elf (0/3) Orc:2       Ossuary (visited)

Shops:
D:3 *   D:4 (   D:9 [   Orc:1 :

Annotations:
D:7 2 transporters, Takeo's ghost, novice DjFE


Innate Abilities, Weirdness & Mutations

You have an increased reservoir of magic. (+10% MP)
You shall have no god before yourself.
Your divine heritage dramatically boosts your attributes as you level up.


Message History

HP restored.
You're wearing all the rings you can.
Remove which one? (? for menu, Esc to cancel) < or
E - a ring of see invisible; > or
I - a +4 ring of slaying You remove your ring of see invisible.
J - a +5 ring of evasion (left hand)
Things that are here:
a +0 hand axe; an orc corpse An ettin comes into view.
It is wielding two +0 dire flails.
Things that are here:
a +0 hand axe; a +0 chain mail You shoot a bolt.
The ettin shouts in stereo!
The bolt hits the ettin.
The ettin is lightly wounded.
You shoot a bolt. The bolt hits the ettin!
The ettin is moderately wounded.
You shoot a bolt.
The bolt hits the ettin but does no damage.
The ettin is moderately wounded.
You shoot a bolt. The bolt barely misses the ettin.
You shoot a bolt. The bolt hits the ettin.
The ettin is moderately wounded.
The ettin hits you with a +0 dire flail!! x2
You shoot a bolt. The bolt hits the ettin!
The ettin is heavily wounded.
The ettin closely misses you. The ettin misses you.
You shoot a bolt. The bolt hits the ettin.
The ettin is severely wounded.
The ettin completely misses you. The ettin closely misses you.
The ettin completely misses you. x2
You shoot a bolt. The bolt hits the ettin!
The ettin is almost dead.
The ettin completely misses you.
The ettin hits you with a +0 dire flail!!
* * * LOW HITPOINT WARNING * * *
You shoot a bolt. The bolt hits the ettin!
The ettin is almost dead.
The ettin hits you with a +0 dire flail!!
You die...

####.._..).....,,,,,
###.....).).....,,,,
###....$........,,,,
####........<.).,,,,
####............,,,,
###...#.........,,,*
####............,,,,
#####..).C......,*,,
######.)@..##..,,,,,
######..#.##,..,,,,,
#...###,,,,,,,,,
##...**,,,*,,,,,
##.##,,,*,,,,,,
###**,***,,,,, ***
***,** ***


You could see an ettin.

Vanquished Creatures
  Erica (D:9)
  Psyche (D:9)
  A komodo dragon (D:9)
  A troll (Orc:1)
  Grinder (D:4)
  Sigmund (D:6)
  A wraith (D:9)
  3 shadows (D:9)
  A wyvern (D:7)
  Eustachio (D:6)
  2 steam dragons (D:9)
  Edmund (D:5)
  A warg (Orc:1)
  Menkaure (D:5)
  13 orc warriors
  3 ogres
  2 phantoms (D:9)
  4 bullfrogs
  5 elf zombies (Ossuary)
  Blork the orc (D:5)
  3 kobold brigands
  A scorpion (D:6)
  2 troll zombies (D:9)
  3 killer bees (D:9)
  3 howler monkeys
  5 centaur zombies (Ossuary)
  A gnoll bouda (D:4)
  A hound (D:7)
  2 human zombies (Ossuary)
  9 orc priests
  2 jellies
  4 sleepcaps
  6 iguanas
  8 orc wizards
  4 ogre zombies (D:9)
  3 mummies (Ossuary)
  7 gnolls
  12 adders
  An ufetubus (D:4)
  3 worms
  A dart slug (D:4)
  22 orcs
  6 ball pythons
  12 endoplasms
  5 giant cockroaches
  4 hobgoblins
  4 quokkas
  13 bats
  2 frilled lizards
  7 goblins
  A goblin skeleton (D:9)
  A goblin zombie (D:9)
  3 hobgoblin skeletons (D:9)
  A hobgoblin zombie (D:9)
  24 kobolds
  An orc skeleton (D:9)
  12 orc zombies (D:9)
  2 rats
246 creatures vanquished.

Vanquished Creatures (others)
  An orc warrior (Orc:1)
1 creature vanquished.

Grand Total: 247 creatures vanquished

Notes
Turn   | Place    | Note
-------+----------+-------------------------------------------
     0 | D:1      | night the Demigod Hunter began the quest for the Orb.
     0 | D:1      | Reached XP level 1. HP: 17/17 MP: 3/3
   145 | D:1      | Reached skill level 4 in Ranged Weapons
   175 | D:1      | Reached XP level 2. HP: 24/24 MP: 4/4
   580 | D:2      | Reached XP level 3. HP: 27/29 MP: 5/5
   867 | D:2      | Reached skill level 2 in Dodging
   919 | D:2      | Reached skill level 5 in Ranged Weapons
  1611 | D:3      | Found Qofirch's Assorted Antiques.
  1623 | D:3      | Bought a sharpened glass wand for 76 gold pieces
  1712 | D:3      | Identified the +2 robe of Parall {Will+ Str+3}
  1736 | D:3      | Reached XP level 4. HP: 36/36 MP: 6/6
  2317 | D:4      | Noticed Grinder
  2342 | D:4      | Killed Grinder
  2343 | D:4      | Reached skill level 6 in Ranged Weapons
  2343 | D:4      | Reached XP level 5. HP: 32/41 MP: 7/7
  2343 | D:4      | Reached XP level 6. HP: 37/48 MP: 8/8
  2577 | D:4      | Found a sand-covered staircase.
  2582 | Ossuary  | Entered an ossuary
  2722 | Ossuary  | Reached skill level 7 in Ranged Weapons
  2738 | Ossuary  | HP: 4/48 [elf zombie (6)]
  2747 | Ossuary  | Reached XP level 7. HP: 16/53 MP: 9/9
  3096 | Ossuary  | Reached skill level 8 in Ranged Weapons
  3356 | D:4      | Reached skill level 5 in Dodging
  3661 | D:4      | Found Zunua's Antique Weapon Boutique.
  3913 | D:5      | Entered Level 5 of the Dungeon
  3974 | D:5      | Noticed Edmund
  3989 | D:5      | Killed Edmund
  3990 | D:5      | Reached XP level 8. HP: 33/60 MP: 10/10
  4163 | D:5      | Found a staircase to the Ecumenical Temple.
  4201 | D:5      | Noticed Menkaure
  4220 | D:5      | Killed Menkaure
  4275 | D:5      | Noticed Blork the orc
  4279 | D:5      | Killed Blork the orc
  4280 | D:5      | Reached skill level 9 in Ranged Weapons
  4969 | D:6      | Noticed Eustachio
  4989 | D:6      | Killed Eustachio
  5140 | D:6      | Noticed Sigmund
  5149 | D:6      | Killed Sigmund
  5150 | D:6      | Reached skill level 10 in Ranged Weapons
  5193 | D:6      | Reached skill level 2 in Fighting
  5193 | D:6      | Reached XP level 9. HP: 65/67 MP: 11/11
  5680 | D:7      | Found a transporter.
  5680 | D:7      | Noticed Takeo's ghost (novice DjFE)
  5876 | D:7      | Found a transporter.
  7150 | D:8      | Upgraded the game from 0.31-a0-180-g519b7de00c to
                  | 0.31-a0-182-gc5ef74bbde
  7741 | D:9      | Found Momaemus's Armour Emporium.
  7749 | D:9      | Bought a +1 cloak for 115 gold pieces
  7993 | D:9      | Noticed Erica
  8014 | D:9      | HP: 7/70 [something/bolt of poison (14)]
  8231 | D:9      | Killed Erica
  8232 | D:9      | Reached skill level 11 in Ranged Weapons
  8366 | D:9      | Found a staircase to the Orcish Mines.
  8679 | D:9      | Reached XP level 10. HP: 73/79 MP: 13/13
  8779 | D:9      | Reached skill level 1 in Long Blades
  8990 | D:9      | Found a staircase to the Lair.
  9045 | D:9      | Noticed Psyche
  9055 | D:9      | Killed Psyche
  9324 | D:9      | Reached skill level 2 in Long Blades
  9661 | Orc:1    | Entered Level 1 of the Orcish Mines
  9901 | Orc:1    | Found Gicarph's Book Shoppe.
  9934 | Orc:1    | Reached skill level 5 in Fighting
  9934 | Orc:1    | Reached skill level 12 in Ranged Weapons
 10128 | Orc:1    | HP: 10/81 [orc priest/divine providence (13)]
 10140 | Orc:1    | HP: 10/81 [orc warrior/+0 short sword (4)]
 10378 | Orc:1    | Noticed an orc high priest
 10732 | Orc:1    | You fall into a shaft and drop 1 floor!
 10732 | Orc:2    | Entered Level 2 of the Orcish Mines
 10783 | Orc:2    | Noticed an ettin
 10792 | Orc:2    | Mangled by an ettin

Illustrated notes

Levels and vault maps discovered:
D:1:      co_arrival_square_in_a_square_in_a_square, layout_basic
D:2:      minmay_alternating_diamond, layout_loops_corners,
          hellmonk_ecumenical_altar_run_dry, serial_bayou_pond_b
D:3:      layout_basic, lemuel_crystal_altar, serial_shops, shop
D:4:      layout_basic, enter_ossuary_2, serial_shops, nicolae_shop_peninsula,
          minivault_5, serial_park_tiny_1, uniq_grinder
D:5:      layout_basic, amethyst_overflow_temple_binary,
          minmay_temple_entry_waves, uniq_edmund, uniq_blork_the_orc,
          uniq_menkaure
D:6:      layout_loops_ring, mrwooster_statue_mirror, uniq_sigmund,
          uniq_eustachio
D:7:      layout_loops_corners, nicolae_ru_the_path_less_chosen,
          gammafunk_ghost_stat_death, roderic_batcave, minivault_5
D:8:      layout_layer_cave
D:9:      layout_gridville, david_lair_shrubbed, zombieorc1_lemuel,
          serial_shops, nicolae_diamond_shop, uniq_psyche, uniq_erica
Orc:1:    layout_caves, serial_shops, shop, basic_altar,
          statue_in_the_mist_lemuel, bh_open_orc_temple
Orc:2:    grunt_orc_cross, layout_caves, basic_altar,
          nicolae_orc_sculptors_studio, uniq_sonja

Skill      XL: |  1  2  3  4  5  6  7  8  9 10 |
---------------+-------------------------------+-----
Ranged Weapons | 4 5 6 7 8 10 11 12 | 12.3
Dodging        | 2 3 4 5 6 7 8 |  8.3
Fighting       | 2 4 5 |  5.4
Long Blades    | 2 |  2.6
Stealth        | |  0.8

Action                     |  1- 3 |  4- 6 |  7- 9 | 10-12 || total
---------------------------+-------+-------+-------+-------++-------
  Melee: Scimitar          |       |       |     7 |       ||     7
   Fire: Shortbow          |   144 |   144 |   608 |   151 ||  1047
         Arbalest          |       |       |       |    70 ||    70
  Evoke: Wand              |       |       |     3 |     5 ||     8
    Use: Scroll            |     4 |     2 |     9 |     6 ||    21
         Potion            |       |     2 |     2 |       ||     4
 Armour: Leather armour    |    19 |       |    17 |    13 ||    49
         Robe              |       |    12 |    20 |       ||    32
         Skin              |       |     3 |     8 |       ||    11
  Dodge: Dodged            |    55 |    32 |   211 |   110 ||   408

Table legend: (Time is in decaauts)
 A = Elapsed time spent in this place.
 B = Non-inter-level travel time spent in this place.
 C = Inter-level travel time spent in this place.
 D = Time resting spent in this place.
 E = Time spent auto-exploring this place.
 F = Levels seen in this place.
 G = Mean time per level.
                   A        B        C        D        E       F      G
               +--------+--------+--------+--------+--------+-----+--------+
         Total |  10797 |  10553 |    244 |   1769 |   6853 |  12 |  899.8 |
       Dungeon |   9044 |   8830 |    214 |    856 |   6586 |   9 | 1004.9 |
  Orcish Mines |   1038 |   1009 |     29 |    530 |    208 |   2 |  519.0 |
       Ossuary |    714 |    714 |      0 |    382 |     59 |   1 |  714.0 |
               +--------+--------+--------+--------+--------+-----+--------+

Top non-repeatable levels by time:
     D:9: 1839 daAuts
     D:7: 1154 daAuts
     D:2: 1099 daAuts
     D:8: 1079 daAuts
     D:4: 1019 daAuts
   Orc:1: 972 daAuts
     D:5: 958 daAuts
     D:6: 767 daAuts
 Ossuary: 714 daAuts
     D:3: 610 daAuts
     D:1: 517 daAuts
   Orc:2: 66 daAuts
